 Dungeon Crawl Stone Soup version 0.27-a0-1200-g94dc6ad4cf (webtiles) character file.

Game seed: 9367664645544035241

54 quinnr the Magician (level 4, -2/31 HPs)
             Began as a Djinni Ice Elementalist on June 1, 2021.
             Killed by nerve-wracking pain
             ... invoked by Grinder
              (11 damage)
             ... on level 3 of the Dungeon.
             The game lasted 00:11:40 (3444 turns).

quinnr the Magician (Djinni Ice Elementalist)       Turns: 3444, Time: 00:11:41

Health: -2/31      AC:  3    Str:  6 (7)  XL:     4   Next: 12%
Gold:   108        EV: 12    Int: 16 (17) God:
                   SH:  0    Dex: 13 (14)

rFire    + + .     SeeInvis .   d - +0 short sword
rCold    x . .     Faith    .   (no shield)
rNeg     . . .     Spirit   .   a - +0 robe
rPois    ∞         Reflect  .   (no helmet)
rElec    .         Harm     .   (no cloak)
rCorr    .         Rampage  .   (no gloves)
Will     .....                  (boots unavailable)
Stlth    ++........             (no amulet)
HPRegen  0.10/turn              (no ring)
MPRegen  0.00/turn              (no ring)

@: flying, hasted, very quick
A: sickness immunity, fire resistance 2, cold vulnerability 1, float, innate
caster, hp casting, extra vitality 1, deterioration 1, shaggy fur 1, MP-powered
wands
a: no special abilities


You were on level 3 of the Dungeon.
You visited 1 branch of the dungeon, and saw 3 of its levels.

You collected 108 gold pieces.

Inventory:

Hand Weapons
 d - a +0 short sword (weapon)
Missiles
 l - 56 stones
Armour
 a - a +0 robe (worn)
Wands
 j - a wand of flame (23)
Scrolls
 b - a scroll of immolation
 g - 2 scrolls of identify {unknown}
 h - a scroll of noise {unknown}
 m - a scroll of teleportation {unknown}
 o - a scroll of enchant armour {unknown}
 p - a scroll of amnesia {unknown}
Potions
 i - a potion of heal wounds {unknown}
 n - a potion of might {unknown}


   Skills:
 - Level 2.1 Dodging
 - Level 1.5 Stealth
 * Level 4.3 Spellcasting


You couldn't memorise any spells.
You knew the following spells:

 Your Spells              Type           Power      Damage    Failure   Level
a - Freeze                Ice            68%        1d8       2%          1
b - Frozen Ramparts       Ice            34%        1d5       9%          3
c - Ozocubu's Armour      Ice            17%        N/A       9%          3
d - Hailstorm             Conj/Ice       17%        3d6       28%         4
e - Metabolic Englaciati  Hex/Ice        8%         N/A       61%         5
f - Sandblast             Erth           34%        2d9       2%          1
Your spell library was empty.

Dungeon Overview and Level Annotations

Branches:
Dungeon (3/15)

Altars:
Hepliaklqana

Annotations:
D:3 Grinder


Innate Abilities, Weirdness & Mutations

You are immune to sickness and miasma.
You are immune to poison.
Your flesh is very heat resistant. (rF++)
You are vulnerable to cold. (rC-)
You float through the air rather than walking.
You learn spells naturally, not from books.
Your magical power is your life essence.
You have superior vitality. (+4 HP)
Your body sometimes deteriorates upon taking damage.
You are covered in fur. (AC +1)
You expend health (3 HP) to strengthen your wands.


Message History

You see here a +0 club.
There is an escape hatch in the ceiling here.
l - 56 stones (gained 12)
Found a hazy altar of Hepliaklqana.
Grinder comes into view.
Grinder shouts!
Okay, then.
It was a potion of degeneration.
There was something very wrong with that liquid.
You feel weakened.
You feel dopey.
You feel clumsy.
It was a potion of curing.
You feel better.
It was a potion of mutation.
You feel extremely strange. Fur sprouts all over your body.
You feel your magical essence link to the dungeon's wands.
You feel yourself wasting away.
Unknown command.
Unknown command.
It was a potion of haste.
You feel yourself speed up. Grinder gestures at you.
You suddenly lose the ability to move!
Grinder barely misses you. Grinder hits you.
You writhe in agony.
Grinder hits you!
You writhe in agony.
Grinder gestures at you. Pain shoots through your body!
* * * LOW HITPOINT WARNING * * *
You can move again.
Unknown command.
Unknown command.
Unknown command.
Unknown command.
As you read the scroll labelled NIOZ UMMYZOIGG, it crumbles to dust.
The creatures around you are filled with an inner flame!
It was a scroll of immolation.
Unknown command.
Grinder says, "At least Makhleb appreciates what I'm doing."
Grinder says, "Tell me all your secrets, or I'll kill you."
Grinder gestures at you. Pain shoots through your body!
You die...

..P.P§..PPP.....###...##.#####.##
...#.P§..§P.###.#....###.# #.#
#....§...P.## #.#.##.# #.#####.#
##..##..### #.#.##.# #.......##
#..#......# #.#.##.# ######...#
##.#...#P.# #.<....# ##.....
#.....P...# ###.##)## ##......
#.##...#.#######.....####.......
+.........5....@........'.......
#.##...#.#.#######...####.......
#. #.....#.# ##.## ##...... #.
#.##..#.# #.# ##..... #.
#.##..#.# #.# ##...# #. #.##..#.#
#.# ####+## .. .....# #.#
###.....# #.#### #.####.......#
#......#.##..#


You could see Grinder (inner flame).

Vanquished Creatures
  A dart slug (D:2)
  6 ball pythons
  5 endoplasms
  A giant cockroach (D:1)
  2 goblins
  7 hobgoblins
  6 kobolds
  2 quokkas
  8 bats
  7 frilled lizards
  4 rats (D:1)
49 creatures vanquished.

Vanquished Creatures (others)
  5 plants (D:3)
5 creatures vanquished.

Grand Total: 54 creatures vanquished

Notes
Turn   | Place    | Note
-------+----------+-------------------------------------------
     0 | D:1      | quinnr the Djinni Ice Elementalist began the quest for the
                  | Orb.
     0 | D:1      | Reached XP level 1. HP: 15/15 MP: 0/0
   551 | D:1      | Reached XP level 2. HP: 20/21 MP: 0/0
   718 | D:1      | Found a faded altar of an unknown god.
  1082 | D:1      | Reached XP level 3. HP: 25/25 MP: 0/0
  1082 | D:1      | Learned a level 1 spell: Sandblast
  1189 | D:1      | Reached skill level 4 in Spellcasting
  2549 | D:2      | Reached XP level 4. HP: 29/31 MP: 0/0
  3409 | D:3      | Found a hazy altar of Hepliaklqana.
  3422 | D:3      | Noticed Grinder
  3425 | D:3      | Gained mutation: You are covered in fur. (AC +1) [potion of
                  | mutation]
  3425 | D:3      | Gained mutation: You expend health (3 HP) to strengthen
                  | your wands. [potion of mutation]
  3425 | D:3      | Gained mutation: Your body sometimes deteriorates upon
                  | taking damage. [potion of mutation]
  3426 | D:3      | Paralysed by Grinder for 5 turns
  3444 | D:3      | Killed from afar by Grinder

Illustrated notes

Levels and vault maps discovered:
D:1:      dpeg_arrival_rooms_b, layout_basic,
          ebering_ecumenical_altar_abandoned, minmay_tall_x
D:2:      layout_loops_ring
D:3:      layout_loops_corners, nicolae_hepliaklqana_hazy_memory, zin_purify,
          kennysheep_nub, uniq_crazy_yiuf_cottage, uniq_grinder, uniq_robin

Skill      XL: |  1  2  3 |
---------------+----------+-----
Spellcasting   | 4 |  4.3
Dodging        | |  2.1
Stealth        | |  1.5

Action                   |  1- 3 |  4- 6 || total
-------------------------+-------+-------++-------
Melee: Short sword       |    15 |       ||    15
       Unarmed           |     4 |       ||     4
 Cast: Freeze            |    27 |       ||    27
       Frozen Ramparts   |    14 |     5 ||    19
       Sandblast         |     3 |     2 ||     5
  Use: Potion            |       |     4 ||     4
       Scroll            |       |     1 ||     1
Armor: Robe              |     5 |       ||     5
Dodge: Dodged            |    25 |     3 ||    28

Table legend: (Time is in decaauts)
 A = Elapsed time spent in this place.
 B = Non-inter-level travel time spent in this place.
 C = Inter-level travel time spent in this place.
 D = Time resting spent in this place.
 E = Time spent auto-exploring this place.
 F = Levels seen in this place.
 G = Mean time per level.
                   A        B        C        D        E       F      G
               +--------+--------+--------+--------+--------+-----+--------+
         Total |   3441 |   3314 |    127 |    571 |   2246 |   3 | 1147.0 |
       Dungeon |   3441 |   3314 |    127 |    571 |   2246 |   3 | 1147.0 |
               +--------+--------+--------+--------+--------+-----+--------+

Top non-repeatable levels by time:
     D:1: 1749 daAuts
     D:2: 967 daAuts
     D:3: 724 daAuts
